 Dungeon Crawl Stone Soup version 0.30-a0-939-gc8157cb160 (webtiles) character file.

Game seed: 7546598849420580374

205448 cforsyth the Warrior (level 18, -25/104 (112) HPs)
             Began as a Vine Stalker Fighter on Mar 25, 2023.
             Was a Believer of Uskayaw.
             Annihilated by a naga
             ... wielding a +0 glaive
              (34 damage)
             ... on level 4 of the Snake Pit on Mar 26, 2023.
             The game lasted 01:10:31 (30468 turns).

cforsyth the Warrior (Vine Stalker Fighter)        Turns: 30468, Time: 01:10:32

HP:   -25/104 (112) AC: 34    Str: 37    XL:     18   Next: 68%
MP:   0/25          EV:  5    Int:  8    God:    Uskayaw [**....]
Gold: 2946          SH:  8    Dex: 17    Spells: 17/17 levels left

rFire   + . .      SeeInvis +    x - +10 short sword of Propriety {vamp, Str+4}
rCold   . . .      Faith    .    z - +2 buckler of Gozag's Approval {Dex+4 SInv}
rNeg    . . .      Spirit   +    r - +4 plate armour {rF+}
rPois   +          Reflect  .    c - +1 helmet {SInv}
rElec   .          Rampage  .    B - +1 cloak {rCorr}
rCorr   +                        t - +1 pair of gloves {Str+3}
Will    +++..                    u - +0 pair of boots Stlth
                                 I - amulet of Sotzuc {RegenMP Will+ Str+2}
HPRegen 1.17/turn                K - +4 ring of protection
MPRegen 0.59/turn                l - ring of poison resistance

@: lethally poisoned (-25 -> -26), constricted, studying Ranged Weapons, drained
A: fangs 3, regeneration 1, magic shield, antimagic bite, no potion heal 2
}: 1/15 runes: decaying
a: Renounce Religion, Stomp, Line Pass


You were on level 4 of the Snake Pit.
You worshipped Uskayaw.
Uskayaw was aware of your devotion.
You visited 6 branches of the dungeon, and saw 31 of its levels.
You also visited: Gauntlet, Ice Cave and Volcano.

You collected 3872 gold pieces.
You spent 926 gold pieces at shops.

Inventory:

Hand Weapons
 x - the +10 short sword of Propriety (weapon) {vamp, Str+4}
   (You took it off an orc on level 4 of the Dungeon)

   Str:       It affects your strength (+4).
 U - the +7 falchion of Wuanonitei {holy, rN+}
   (You took it off a minotaur in a Gauntlet)

   rN:        It protects you from negative energy.
Armour
 c - a +1 helmet of see invisible (worn)
 r - a +4 plate armour of fire resistance (worn)
 t - a +1 pair of gloves of strength (worn)
 u - a +0 pair of boots (worn)
 z - the +2 buckler of Gozag's Approval (worn) {Dex+4 SInv}
   (You bought it in a shop on level 2 of the Dungeon)

   Dex:       It affects your dexterity (+4).
   SInv:      It lets you see invisible.
 B - a +1 cloak of preservation (worn)
 T - a scarf of resistance
Jewellery
 a - a ring of resist corrosion
 l - a ring of poison resistance (right hand)
 D - a ring of positive energy
 I - the amulet of Sotzuc (around neck) {RegenMP Will+ Str+2}
   (You found it in an ice cave)

   [amulet of magic regeneration]

   It increases your rate of magic regeneration.
   Str:       It affects your strength (+2).
   Will:      It increases your willpower.
 K - a +4 ring of protection (left hand)
 O - a ring of flight
 Q - an amulet of regeneration
 V - a ring of willpower
 Y - an amulet of reflection
Wands
 k - a wand of mindburst (36)
 n - a wand of flame (53)
 p - a wand of digging (17)
 L - a wand of quicksilver (12)
 N - a wand of roots (23)
 S - a wand of charming (22)
Scrolls
 e - 4 scrolls of butterflies
 f - 5 scrolls of blinking
 h - 5 scrolls of poison
 i - 6 scrolls of torment
 j - 9 scrolls of teleportation
 m - 2 scrolls of enchant weapon
 q - 8 scrolls of immolation
 s - 2 scrolls of silence
 v - 8 scrolls of magic mapping
 w - 8 scrolls of enchant armour
 y - 6 scrolls of fog
 C - 8 scrolls of fear
 E - 5 scrolls of brand weapon
 H - 3 scrolls of vulnerability
Potions
 b - 3 potions of invisibility
 d - 4 potions of might
 g - 4 potions of attraction
 o - 7 potions of lignification
 A - 4 potions of haste
 F - 10 potions of curing
 G - 6 potions of flight
 M - 2 potions of ambrosia
 R - 3 potions of berserk rage
 X - 4 potions of mutation
 Z - 2 potions of resistance


   Skills:
 + Level 19.1 Fighting
 - Level 16.6 Short Blades
 + Level 14.2 Armour
 - Level 5.0 Shields
 - Level 8.0 Invocations
 - Level 5.0 Evocations


You had 17 spell levels left.
You didn't know any spells.
Your spell library contained the following spells:

 Spells                   Type           Power      Damage    Failure   Level
 Beastly Appendage        Tmut           0%         N/A       93%         1
 Kiss of Death            Conj/Necr      0%         2d5       93%         1
 Magic Dart               Conj           0%         1d3       93%         1
 Sting                    Tmut/Pois      0%         1d3       93%         1
 Call Imp                 Summ           0%         N/A       98%         2
 Cigotuvi's Dreadful Rot  Necr/Pois/Air  0%         N/A       98%         2
 Poisonous Vapours        Pois/Air       0%         N/A       98%         2
 Scorch                   Fire           0%         2d5       98%         2
 Wereblood                Tmut           0%         N/A       98%         2
 Confusing Touch          Hex            0%         N/A       100%        3
 Inner Flame              Hex/Fire       0%         N/A       100%        3
 Mephitic Cloud           Conj/Pois/Air  0%         N/A       100%        3
 Spider Form              Tmut/Pois      0%         N/A       100%        3
 Cause Fear               Hex            0%         N/A       100%        4
 Dispel Undead            Necr           0%         3d6       100%        4
 Flame Wave               Conj/Fire      0%         2d4       100%        4
 Leda's Liquefaction      Hex/Erth       0%         N/A       100%        4
 Manifold Assault         Tloc           0%         N/A       100%        4
 Olgreb's Toxic Radiance  Pois           0%         N/A       100%        4
 Lee's Rapid Deconstruct  Erth           0%         3d4*      100%        5
 Summon Forest            Summ/Tloc      0%         N/A       100%        5
 Summon Mana Viper        Hex/Summ       0%         N/A       100%        5
 Death Channel            Necr           0%         N/A       100%        6
 Dispersal                Tloc           0%         N/A       100%        6
 Statue Form              Tmut/Erth      0%         N/A       100%        6
 Summon Cactus Giant      Summ           0%         N/A       100%        6
 Discord                  Hex            0%         N/A       100%        8
 Disjunction              Tloc           0%         N/A       100%        8


Dungeon Overview and Level Annotations

Branches:
Dungeon (15/15)            Temple (1/1) D:5            Lair (5/5) D:9
  Swamp (4/4) Lair:3        Snake (4/4) Lair:2        Slime (0/5) Lair:4
    Orc (2/2) D:9             Elf (0/3) Orc:2        Vaults (0/5) D:14
 Depths (0/4) D:15          IceCv (visited)         Volcano (visited)
Gauntlet (visited)

Altars:
Ashenzari
Cheibriados
Dithmenos
Elyvilon
Fedhas
Gozag
Hepliaklqana
Makhleb
Nemelex Xobeh
Okawaru
Qazlal
Ru
Trog
Uskayaw
Vehumet
Wu Jian
Yredelemnul
Zin
The Shining One
Jiyva

Shops:
D:2 *   D:10 (   Orc:1 [   Orc:2 !(!*

Portals:
Trove: D:13 (give +3 gold dragon scales)


Innate Abilities, Weirdness & Mutations

You have razor-sharp teeth.
Your natural rate of healing is unusually fast.
When hurt, damage is shared between your health and your magic reserves.
Your bite disrupts and absorbs the magic of your enemies.
Potions cannot restore your health.


Message History

The guardian serpent is heavily wounded.
You feel sick.
The guardian serpent coils itself and waves its upper body at you.
You resist with almost no effort. The naga spits poison at you.
The splash of poison hits you but does no damage.
You are more poisoned.
You resist.
The naga warrior hits you with a +0 battleaxe!!
* * * LOW HITPOINT WARNING * * *
You can now pass through a line of other dancers.
You hit the guardian serpent but do no damage.
You bite the guardian serpent!
The guardian serpent's magic leaks into the air.
You drain its magic.
You feel invigorated.
The guardian serpent is almost dead.
You feel sick. You block the salamander's attack.
The naga hits you but does no damage. The naga constricts you.
The guardian serpent falters for a moment.
You hit the guardian serpent.
You feel better.
Your bite misses the guardian serpent.
The guardian serpent is almost dead.
You feel sick.
The naga hits you with a +1 flail of draining!
* * * LOW HITPOINT WARNING * * *
You feel drained.
* * * LOW HITPOINT WARNING * * *
The naga warrior hits you with a +0 battleaxe!
* * * LOW HITPOINT WARNING * * *
The guardian serpent hits you!
* * * LOW HITPOINT WARNING * * *
You block the salamander's attack.
You stomp with the beat, sending a shockwave through the revellers around you!
The naga is moderately wounded.
The naga is heavily wounded.
You kill the guardian serpent!
The salamander is moderately wounded.
The naga warrior is severely wounded.
You feel sick. The naga hits you with a +0 glaive!!!
You die...

...........
.........
#.......#
.......#
#..#...#
#..#...#
#.N#N..#
#N@N..#
###...#
#...#
#.....
#......#
#......#
#........
#........


You could see a naga warrior (catching breath), a salamander (strong) and 2
nagas.

Vanquished Creatures
  Kirke (D:15)
  Frances (Swamp:1)
  A thorn hunter (Swamp:4)
  Agnes (Snake:3)
  An azure jelly (IceCv)
  A nagaraja (Snake:2)
  A fenstrider witch (Swamp:3)
  3 ghouls (Swamp:2)
  The ghost of SoulCrusher669 the Blocker, a journeyman MiFi of Okawaru (Lair:4)
  An orc warlord (Orc:1)
  A stone giant (D:15)
  2 quicksilver oozes (IceCv)
  5 bunyips
  2 eleionomae
  A minotaur (Gauntlet)
  4 fire dragons
  Josephine (Swamp:1)
  The ghost of Sobieck the Protected, a journeyman AtFi of Uskayaw (D:11)
  A yaktaur captain (D:14)
  Erolcha (D:11)
  6 ghost crabs
  An ogre mage (D:15)
  25 hydras
  Erica (Lair:2)
  9 anacondas
  A catoblepas (Lair:5)
  7 centaur warriors
  A boulder beetle (D:15)
  4 death yaks (Lair:1)
  7 naga warriors
  9 tengu warriors
  8 alligators
  11 two-headed ogres
  5 orc high priests (Orc:2)
  9 spriggans
  5 naga sharpshooters
  6 shock serpents
  A hell knight (Volcano)
  2 salamander mystics
  2 skysharks (Lair:5)
  2 fire crabs
  5 goliath frogs
  4 naga ritualists
  8 bog bodies
  4 spriggan druids
  A lindwurm (Swamp:4)
  2 wizards (D:15)
  8 swamp dragons
  An obsidian statue (D:14)
  An orange crystal statue (Lair:3)
  A phantasmal warrior (D:14)
  A deep elf pyromancer (D:12)
  13 mana vipers
  An orc knight (Orc:1)
  10 ugly things
  4 orc sorcerers
  2 wolf spiders (Lair:5)
  7 spectral spriggans (Swamp:2)
  An oklob plant (D:11)
  6 cyclopes
  A moth of wrath (D:11)
  16 salamanders
  4 elephants (Lair:1)
  3 will-o-the-wisps
  2 manticores
  8 guardian serpents
  2 ice statues (IceCv)
  An apocalypse crab (Gauntlet)
  A torpor snail (Lair:5)
  9 naga magi
  38 black mambas
  12 cane toads
  A gargoyle (D:14)
  An efreet (D:15)
  A kobold demonologist (D:11)
  8 komodo dragons
  2 yaktaurs (D:14)
  3 freezing wraiths (Swamp:2)
  12 polar bears
  8 hornets
  8 tyrant leeches
  4 trolls
  2 raiju (Lair:5)
  3 blink frogs (Lair:1)
  Sigmund (D:5)
  16 slime creatures
  A vampire (D:12)
  4 wraiths
  3 centaur simulacra
  A shadow (D:10)
  A hog (shapeshifter) (D:14)
  15 wyverns
  4 fire bats (Gauntlet)
  3 basilisks
  24 yaks
  3 hogs (D:14)
  4 steam dragons
  3 redbacks (Lair:5)
  21 vampire mosquitoes
  17 swamp worms
  3 acid dragons
  The ghost of voltaire321 the Stinger, an amateur OpVM (D:3)
  14 nagas
  13 wargs
  Edmund (D:5)
  Duvessa (D:7)
  13 hell hounds (Lair:5)
  22 water moccasins
  4 ice beasts
  11 swamp drakes (Swamp:4)
  3 great orb of eyes simulacra (IceCv)
  29 orc warriors
  12 black bears
  A sky beast (D:6)
  10 ogres
  19 wolves
  15 centaurs
  2 slime creature simulacra (IceCv)
  A kobold brigand (D:8)
  11 bullfrogs
  A scorpion (D:4)
  A glowing shapeshifter simulacrum (IceCv)
  A gnoll sergeant (D:7)
  Dowan (D:7)
  9 killer bees
  11 howler monkeys
  8 lava snakes
  A wyvern simulacrum (Gauntlet)
  3 hounds
  Crazy Yiuf (D:5)
  28 orc priests
  5 jellies
  A gnoll bouda (D:7)
  Terence (D:3)
  Jessica (D:2)
  6 iguanas
  Ijyb (D:3)
  Natasha (thrice) (D:3)
  34 orc wizards
  6 hell rats (Lair:3)
  4 shapeshifter simulacra (IceCv)
  Robin (D:2)
  18 gnolls
  2 orc zombies (D:5)
  11 adders
  A gnoll zombie (D:5)
  2 shadow imps
  13 white imps
  An ufetubus (D:4)
  2 worms (D:2)
  3 dart slugs
  76 orcs
  6 ball pythons
  4 bats
  7 endoplasms
  5 giant cockroaches
  9 hobgoblins
  18 kobolds
  4 quokkas
  3 frilled lizards (D:2)
  19 goblins
  2 rats (D:3)
1024 creatures vanquished.

Vanquished Creatures (others)
  A lindwurm (Swamp:4)
  4 bloated husks
  2 humans (D:15)
  A naga (Snake:3)
  A fire vortex (Swamp:4)
  18 foxfires
  33 fungi
  77 plants
  16 toadstools (D:11)
153 creatures vanquished.

Grand Total: 1177 creatures vanquished

Notes
Turn   | Place    | Note
-------+----------+-------------------------------------------
     0 | D:1      | cforsyth the Vine Stalker Fighter began the quest for the
                  | Orb.
     0 | D:1      | Reached XP level 1. HP: 11/11 MP: 2/2
   168 | D:1      | Reached XP level 2. HP: 5/16 MP: 3/3
   272 | D:1      | You fall into a shaft and drop 1 floor!
   302 | D:2      | Reached skill level 3 in Fighting
   346 | D:2      | Reached XP level 3. HP: 16/20 MP: 4/4
   458 | D:2      | Found Qopemul's General Store.
   544 | D:2      | Noticed Jessica
   548 | D:2      | Killed Jessica
   549 | D:2      | Gained mutation: Your natural rate of healing is unusually
                  | fast. [Vine Stalker growth]
   549 | D:2      | Reached XP level 4. HP: 22/25 MP: 3/5
  1168 | D:2      | Found a faded altar of an unknown god.
  1317 | D:3      | Reached skill level 4 in Fighting
  1317 | D:3      | Reached XP level 5. HP: 22/29 MP: 6/6
  1440 | D:3      | Found a transporter.
  1441 | D:3      | Found a transporter.
  1441 | D:3      | Noticed an orc warrior
  1442 | D:3      | Noticed voltaire321's ghost (amateur OpVM)
  1561 | D:2      | Killed an orc warrior
  1562 | D:2      | Reached XP level 6. HP: 8/34 MP: 3/7
  1636 | D:3      | Noticed Natasha
  1644 | D:3      | Killed Natasha
  1666 | D:3      | Noticed Natasha
  1677 | D:3      | Killed Natasha
  1853 | D:3      | Noticed Natasha
  1866 | D:3      | Killed Natasha
  1867 | D:3      | Reached skill level 5 in Fighting
  1943 | D:3      | Noticed Robin
  2131 | D:2      | Killed Robin
  2150 | D:3      | Noticed Ijyb
  2158 | D:3      | Noticed Terence
  2170 | D:3      | Killed Ijyb
  2171 | D:3      | Reached XP level 7. HP: 26/39 MP: 5/8
  2177 | D:3      | Killed Terence
  2483 | D:4      | Reached skill level 5 in Short Blades
  3000 | D:4      | Found a shadowy altar of Dithmenos.
  3094 | D:4      | Identified the +10 short sword of Propriety {vamp, Str+4}
  3425 | D:4      | Reached skill level 6 in Fighting
  3672 | D:5      | Entered Level 5 of the Dungeon
  3748 | D:5      | Found a staircase to the Ecumenical Temple.
  3762 | Temple   | Entered the Ecumenical Temple
  3771 | Temple   | Became a worshipper of Uskayaw the Reveller
  3826 | D:5      | Found a transporter.
  3841 | D:5      | Reached * piety under Uskayaw
  3845 | D:5      | Reached ** piety under Uskayaw
  3848 | D:5      | Reached *** piety under Uskayaw
  3851 | D:5      | Reached **** piety under Uskayaw
  3853 | D:5      | Gained mutation: You have razor-sharp teeth. [Vine Stalker
                  | growth]
  3853 | D:5      | Reached XP level 8. HP: 45/45 MP: 9/9
  3854 | D:5      | Reached ***** piety under Uskayaw
  4025 | D:5      | Found a snail-covered altar of Cheibriados.
  4073 | D:5      | Found a runed translucent door.
  4074 | D:5      | Noticed Crazy Yiuf
  4149 | D:5      | Found a transporter.
  4234 | D:5      | Reached skill level 7 in Fighting
  4325 | D:5      | Noticed Sigmund
  4330 | D:5      | Killed Sigmund
  4353 | D:5      | Noticed Edmund
  4362 | D:5      | Killed Edmund
  4566 | D:5      | Killed Crazy Yiuf
  4656 | D:6      | Reached XP level 9. HP: 51/51 MP: 10/10
  5033 | D:6      | Reached skill level 8 in Fighting
  5192 | D:6      | Noticed a two-headed ogre
  5201 | D:6      | Killed a two-headed ogre
  5550 | D:7      | Noticed Dowan
  5551 | D:7      | Noticed Duvessa
  5561 | D:7      | Killed Dowan
  5562 | D:7      | Killed Duvessa
  5563 | D:7      | Reached skill level 9 in Fighting
  5606 | D:7      | Noticed a troll
  5612 | D:7      | Killed a troll
  5783 | D:7      | Reached XP level 10. HP: 58/58 MP: 11/11
  5860 | D:7      | Found a broken altar of Ashenzari.
  6617 | D:8      | Reached skill level 10 in Fighting
  6673 | D:8      | Reached skill level 10 in Short Blades
  7102 | D:9      | Found an iron altar of Okawaru.
  7102 | D:9      | Noticed a two-headed ogre
  7111 | D:9      | Killed a two-headed ogre
  7165 | D:9      | Found a staircase to the Orcish Mines.
  7273 | D:9      | Noticed a tengu warrior
  7277 | D:9      | Noticed a two-headed ogre
  7305 | D:9      | Killed a tengu warrior
  7311 | D:9      | Killed a two-headed ogre
  7312 | D:9      | Reached skill level 11 in Fighting
  7312 | D:9      | Reached XP level 11. HP: 51/65 MP: 7/12
  7407 | D:9      | Noticed a two-headed ogre
  7416 | D:9      | Killed a two-headed ogre
  7427 | D:9      | Found a staircase to the Lair.
  7899 | D:9      | Found a stormy altar of Qazlal.
  7899 | D:9      | Found a burning altar of Makhleb.
  7899 | D:9      | Found an opulent altar of Gozag.
  7979 | D:10     | Entered Level 10 of the Dungeon
  7982 | D:10     | Noticed a tengu warrior
  7984 | D:10     | Noticed a tengu warrior
  7996 | D:10     | Killed a tengu warrior
  8006 | D:10     | Killed a tengu warrior
  8274 | D:10     | Reached skill level 12 in Fighting
  8356 | D:10     | Noticed a two-headed ogre
  8366 | D:10     | Killed a two-headed ogre
  8662 | D:10     | Noticed a two-headed ogre
  8672 | D:10     | Killed a two-headed ogre
  8704 | D:10     | Found Defrorch's Firing Range.
  8875 | D:11     | Noticed Erolcha
  8882 | D:11     | Killed Erolcha
  8924 | D:11     | Noticed a manticore
  8940 | D:11     | Found a transporter.
  8946 | D:11     | Noticed Sobieck's ghost (journeyman AtFi)
  8975 | D:11     | Noticed a cyclops
  8982 | D:11     | Killed a cyclops
  8983 | D:11     | Reached XP level 12. HP: 28/72 MP: 7/13
  9066 | D:11     | Noticed a two-headed ogre
  9077 | D:11     | Killed a two-headed ogre
  9200 | D:11     | Found a blossoming altar of Fedhas.
  9428 | D:11     | Found a transporter.
  9636 | D:11     | Reached skill level 13 in Fighting
  9846 | D:12     | Reached ****** piety under Uskayaw
  9850 | D:12     | Noticed a fire dragon
  9874 | D:12     | Killed a fire dragon
 10041 | D:12     | Found a glowing golden altar of the Shining One.
 10434 | Lair:1   | Entered Level 1 of the Lair of Beasts
 10453 | Lair:1   | Reached skill level 1 in Evocations
 10768 | Lair:1   | Reached XP level 13. HP: 78/78 MP: 14/14
 10902 | Lair:1   | Reached skill level 14 in Fighting
 11431 | Lair:2   | Found a staircase to the Snake Pit.
 11732 | Lair:2   | Noticed Erica
 11741 | Lair:2   | Killed Erica
 12274 | Lair:3   | Reached skill level 5 in Evocations
 12735 | Lair:3   | Found a staircase to the Swamp.
 13154 | Lair:4   | Found a dark tunnel.
 13163 | Volcano  | Entered a volcano
 13226 | Volcano  | Found a bloodstained altar of Trog.
 13543 | Lair:4   | Found a runed translucent gate.
 13544 | Lair:4   | Found a runed translucent gate.
 13580 | Lair:4   | Found a staircase to the Slime Pits.
 13583 | Lair:4   | Found a viscous altar of Jiyva.
 13643 | Lair:4   | Found a runed translucent gate.
 13645 | Lair:4   | Noticed SoulCrusher669's ghost (journeyman MiFi)
 13880 | Lair:4   | Reached skill level 15 in Fighting
 14548 | Lair:4   | Killed SoulCrusher669's ghost
 14624 | Lair:4   | Reached skill level 15 in Short Blades
 14638 | Lair:4   | Identified the +7 broad axe of Kismet {distort, rN++ Will+
                  | Dex+2}
 14665 | Lair:4   | Reached XP level 14. HP: 63/86 MP: 10/15
 14687 | Lair:5   | Entered Level 5 of the Lair of Beasts
 15050 | Lair:5   | Found a gate leading to a gauntlet.
 15068 | Gauntlet | Entered a Gauntlet
 15068 | Gauntlet | Found a runed translucent door.
 15068 | Gauntlet | Found a transporter.
 15068 | Gauntlet | Found a runed translucent door.
 15068 | Gauntlet | Found a transporter.
 15068 | Gauntlet | Found a transporter.
 15078 | Gauntlet | Found a transporter.
 15081 | Gauntlet | Found a transporter.
 15089 | Gauntlet | Found a transporter.
 15092 | Gauntlet | Found a transporter.
 15100 | Gauntlet | Found a transporter.
 15106 | Gauntlet | Noticed a dire elephant
 15118 | Gauntlet | Found a transporter.
 15135 | Gauntlet | Found a transporter.
 15138 | Gauntlet | Found a transporter.
 15148 | Gauntlet | Found a transporter.
 15362 | Gauntlet | Paralysed by an apocalypse crab for 5 turns
 15401 | Gauntlet | Identified the amulet of Hoabruu {Spirit *Slow rF+ Str+4}
 15416 | Gauntlet | Identified the +7 falchion of Wuanonitei {holy, rN+}
 15480 | Lair:5   | Reached skill level 16 in Fighting
 16289 | Lair:5   | Reached XP level 15. HP: 92/92 MP: 16/16
 17009 | D:3      | Killed voltaire321's ghost
 17078 | D:2      | Bought the +2 buckler of Gozag's Approval {Dex+4 SInv} for
                  | 341 gold pieces
 17319 | Orc:1    | Entered Level 1 of the Orcish Mines
 17375 | Orc:1    | Found Zury's Antique Armour Shoppe.
 17419 | Orc:2    | Entered Level 2 of the Orcish Mines
 17441 | Orc:2    | Found a staircase to the Elven Halls.
 17444 | Orc:2    | Reached skill level 1 in Invocations
 17675 | Orc:1    | Paralysed by an orc sorcerer for 3 turns
 18149 | Orc:1    | Noticed an orc warlord
 18183 | Orc:1    | Killed an orc warlord
 18596 | Orc:2    | Found Eduk's Distillery.
 18596 | Orc:2    | Found Zuyhyff's Assorted Antiques.
 18596 | Orc:2    | Found Jeeddor's Weapon Shop.
 18611 | Orc:2    | Found Voiptuoc's Distillery.
 18846 | Orc:1    | Bought a shiny helmet for 195 gold pieces
 18859 | Orc:1    | Bought a pair of glowing gloves for 195 gold pieces
 18859 | Orc:1    | Bought a runed cloak for 195 gold pieces
 19173 | D:11     | Killed Sobieck's ghost
 19638 | D:13     | Found a frozen archway.
 19675 | IceCv    | Entered an ice cave
 19707 | IceCv    | Reached skill level 5 in Shields
 19888 | IceCv    | Reached skill level 5 in Armour
 19890 | IceCv    | Reached skill level 5 in Invocations
 20131 | IceCv    | Found a viscous altar of Jiyva.
 20131 | IceCv    | Noticed an azure jelly
 20143 | IceCv    | Killed an azure jelly
 20174 | IceCv    | Identified the +1 leather armour of the Candlemaker {rC+}
 20176 | IceCv    | Identified the amulet of Sotzuc {RegenMP Will+ Str+2}
 21096 | D:13     | Found a portal to a secret trove of treasure.
 22023 | D:14     | Reached XP level 16. HP: 97/97 MP: 20/20
 22342 | D:14     | Found a gate to the Vaults.
 22682 | D:15     | Entered Level 15 of the Dungeon
 22682 | D:15     | Noticed Kirke
 22699 | D:15     | Killed Kirke
 22741 | D:15     | Found a burning altar of Makhleb.
 22767 | D:15     | Found a staircase to the Depths.
 23782 | Swamp:1  | Entered Level 1 of the Swamp
 23791 | Lair:3   | Reached skill level 10 in Armour
 24272 | Swamp:1  | Noticed Frances
 24301 | Swamp:1  | Killed Frances
 24356 | Swamp:1  | Noticed Josephine
 24372 | Swamp:1  | Killed Josephine
 24962 | Swamp:2  | Reached skill level 17 in Fighting
 25018 | Swamp:2  | Reached XP level 17. HP: 66/102 MP: 20/22
 25649 | Swamp:3  | HP: 2/97 [spectral fenstrider witch[a ghost crab] (4)]
 26350 | Swamp:3  | Found a basalt altar of Yredelemnul.
 26389 | Swamp:4  | Entered Level 4 of the Swamp
 26999 | Swamp:4  | Identified the +2 leather armour of Cloud Cover {Int+4}
 27361 | Swamp:4  | Got a decaying rune of Zot
 27505 | Snake:1  | Entered Level 1 of the Snake Pit
 27644 | Snake:1  | Reached skill level 18 in Fighting
 28503 | Snake:2  | Reached XP level 18. HP: 107/109 MP: 25/25
 29680 | Snake:3  | Reached skill level 19 in Fighting
 29984 | Snake:3  | Noticed Agnes
 29993 | Snake:3  | Killed Agnes
 30450 | Snake:4  | Entered Level 4 of the Snake Pit
 30468 | Snake:4  | Annihilated by a naga

Illustrated notes

Levels and vault maps discovered:
D:1:      beargit_arrival_greenhouse, layout_loops_cross
D:2:      layout_basic, shapermc_ecumenical_altar_mp_ritualfount, serial_shops,
          shop, serial_bayou_pond_a, hex_medium, uniq_jessica
D:3:      layout_loops_ring, gammafunk_ghost_arena, uniq_terence, uniq_natasha,
          uniq_ijyb, uniq_robin
D:4:      layout_loops_ring, nicolae_dithmenos_the_darkroom,
          reono_crystal_passage, grunt_ministairs_10, minivault_26,
          minmay_manual_mail
D:5:      gammafunk_cloud_chamber, layout_loops_ring, kennysheep_mini,
          minmay_temple_entry_overgrown, sigmund_edmund_badplayer,
          uniq_crazy_yiuf_cottage
D:6:      layout_layer_cave
D:7:      layout_loops_corners, cheibrodos_ashenzari_chains, uniq_duvessa
D:8:      layout_loops_cross, serial_rivers, chequers_serial_rivers_small_3,
          chequers_serial_rivers_small_b, chequers_serial_rivers_room_b,
          chequers_serial_rivers_micro_d
D:9:      layout_basic, okawaru_metal_pillars_1_2,
          gammafunk_temple_overflow_claw, erik_lair_orcish_takeover,
          david_orc_2, serial_corexii_hall, corexii_hall_statues_x,
          chequers_hall_statues_y, minivault_20
D:10:     layout_irregular_city, nicolae_shop_firing_range
D:11:     layout_cave_pools, gammafunk_ghost_berserking_beasts, tgw_fedhas,
          uniq_erolcha
D:12:     layout_rooms, tso_metal_star
D:13:     layout_basic, portal_ice_cave_entry_imps, trove_entry_hex_spiral,
          lightli_corner_chamber
D:14:     layout_rooms, david_vaults_2, dk_noncrumbling_2, minmay_statue_bubble
D:15:     grunt_enter_depths_giant_problem, layout_grid_maze, bloody_makhleb,
          serial_shops, nicolae_shop_hallway_plus, uniq_kirke
Temple:   hellmonk_temple_two_chambers
Lair:1:   layout_cellular_growth, cheibrodos_lair_caveside_slide
Lair:2:   layout_cave_pods, nicolae_snake_entry_warm_welcome, uniq_erica
Lair:3:   hellmonk_destroyed_diamonds, layout_regular_city,
          minmay_swamp_entry_swarm, st_stairs_6, chequers_serial_rivers_small_a,
          disabler_island
Lair:4:   layout_regular_city, minmay_slime_entry_pillars,
          gammafunk_ghost_hydra_chop, nicolae_volcano_entry_s_turn
Lair:5:   hangedman_lair_caniforms_friends, layout_cave_shapes,
          hangedman_lair_tendril_chambers, gauntlet_entry_generic
Swamp:1:  layout_basic_swamp, evilmike_swamp_ruin_house_3, swamp_pool4,
          uniq_josephine, uniq_frances
Swamp:2:  nicolae_swamp_flooded_prison, layout_falls_marsh,
          evilmike_swamp_ruin_house_5, nicolae_swamp_baby_hydras
Swamp:3:  layout_basic_swamp, nicolae_swamp_godswood,
          infiniplex_staircase_pool_2
Swamp:4:  swamp_fiery, layout_basic_swamp
Snake:1:  layout_grid_maze
Snake:2:  nicolae_snake_unarmed_stairs_patrol, layout_misc_corridors,
          grunt_ministairs_14
Snake:3:  nicolae_snake_crotalidae_crossing, layout_layer_cave,
          nrook_guardian_serpent_ordinary, uniq_agnes
Snake:4:  hellmonk_snake_rune_quicksilver_temple, layout_gridlike,
          nicolae_triple_integral, uniq_aizul, uniq_nikola
Orc:1:    layout_diamond_mine, basic_altar, serial_shops, nicolae_lakefront_shop
Orc:2:    st_orc_mages, layout_caves

Skill      XL: |  1  2  3  4  5  6  7  8  9 10 11 12 13 14 15 16 17 18 |
---------------+-------------------------------------------------------+-----
Short Blades   | 2 3 4 6 7 9 10 12 13 15 16 | 16.6
Fighting       | 3 4 5 6 7 9 11 12 13 15 16 17 18 19 | 19.1
Evocations     | 3 5 |  5.0
Shields        | 5 |  5.0
Invocations    | 5 6 8 |  8.0
Armour         | 7 11 13 14 | 14.2

Action                     |  1- 3 |  4- 6 |  7- 9 | 10-12 | 13-15 | 16-18 || total
---------------------------+-------+-------+-------+-------+-------+-------++-------
  Melee: Rapier            |    66 |   238 |    75 |       |       |       ||   379
         Bite              |    19 |    54 |    90 |   252 |   645 |   653 ||  1713
         Short sword       |       |       |   206 |   621 |  1556 |  1584 ||  3967
 Invoke: Grand Finale      |       |       |       |     1 |       |     1 ||     2
         Stomp             |       |       |       |       |       |     3 ||     3
  Evoke: Wand              |       |       |       |     5 |     2 |     1 ||     8
    Use: Potion            |       |     1 |       |       |     4 |       ||     5
         Scroll            |       |       |    13 |     3 |    16 |     8 ||    40
   Stab: Paralysed         |       |       |     8 |    27 |   104 |    88 ||   227
         Petrified         |       |       |       |       |     1 |       ||     1
         Distracted        |       |       |       |       |       |     1 ||     1
         Confused          |       |       |       |       |       |     2 ||     2
 Armour: Scale mail        |    30 |   122 |    91 |   193 |    68 |       ||   504
         Plate armour      |       |       |       |       |   982 |  1017 ||  1999
  Dodge: Dodged            |    21 |    86 |    72 |   153 |   416 |   343 ||  1091
  Block: Buckler           |    12 |    56 |    45 |    86 |   374 |   480 ||  1053

Table legend: (Time is in decaauts)
 A = Elapsed time spent in this place.
 B = Non-inter-level travel time spent in this place.
 C = Inter-level travel time spent in this place.
 D = Time resting spent in this place.
 E = Time spent auto-exploring this place.
 F = Levels seen in this place.
 G = Mean time per level.
                   A        B        C        D        E       F      G
               +--------+--------+--------+--------+--------+-----+--------+
         Total |  29065 |  26855 |   2210 |   2108 |  17557 |  34 |  854.9 |
       Dungeon |  14345 |  13043 |   1302 |    875 |   9113 |  15 |  956.3 |
        Temple |     18 |      9 |      9 |      0 |      0 |   1 |   18.0 |
          Lair |   5731 |   5215 |    516 |    345 |   3527 |   5 | 1146.2 |
         Swamp |   3518 |   3394 |    124 |    268 |   2053 |   4 |  879.5 |
     Snake Pit |   2725 |   2555 |    170 |    215 |   1776 |   4 |  681.2 |
  Orcish Mines |   1436 |   1348 |     88 |    157 |    766 |   2 |  718.0 |
      Ice Cave |    623 |    623 |      0 |    224 |    124 |   1 |  623.0 |
       Volcano |    284 |    284 |      0 |      0 |     75 |   1 |  284.0 |
      Gauntlet |    382 |    382 |      0 |     24 |    122 |   1 |  382.0 |
               +--------+--------+--------+--------+--------+-----+--------+

Top non-repeatable levels by time:
    D:13: 1523 daAuts
  Lair:5: 1417 daAuts
     D:3: 1346 daAuts
  Lair:3: 1308 daAuts
    D:11: 1215 daAuts
 Swamp:2: 1136 daAuts
  Lair:2: 1100 daAuts
 Snake:3: 1069 daAuts
 Snake:1: 1062 daAuts
  Lair:4: 1035 daAuts
     D:5: 1015 daAuts
     D:9: 1004 daAuts
     D:7: 970 daAuts
    D:10: 968 daAuts
     D:2: 965 daAuts
